AoeStats
← Kanyaga

Arabia

508032113Analyzed
1v1 RM · 12d ago on Sep 20, 2026· 40m 13s· 2 players
Game mode
Random Map
Map size
Tiny (2 player)
Population
200
Speed
Normal
Resources
Standard
Victory
Conquest
Starting age
Dark Age
Ending age
Imperial Age
RankedLock teamsTeams togetherTeam positionsShared explorationLock speedFull tech treeHidden civsTurbo modeCheats
Victory
Defeat
🇫🇷 Hindustanis · France
1405
+17
🇹🇷 Mongols · Türkiye
1437
-17
JuG
6:22 Loom
8:51 Feudal Age
9:28 Double-Bit Axe
14:30 Fletching
20:03 Castle Age
18:33 Padded Archer Armor
18:40 Scale Barding Armor
19:26 Bloodlines
20:08 Crossbowman
20:44 Bodkin Arrow
20:51 Horse Collar
22:50 Ballistics
23:56 Chain Barding Armor
26:20 Wheelbarrow
28:23 Hand Cart
30:02 Forging
30:30 Husbandry
31:31 Heavy Plow
31:42 Bow Saw
31:46 Town Watch
37:07 Imperial Age
38:28 Plate Barding Armor
39:05 Chemistry
38:44 Bracer
38:33 Heavy Camel Rider
Kanyaga
6:35 Loom
8:45 Feudal Age
9:36 Double-Bit Axe
14:19 Horse Collar
17:46 Fletching
21:38 Castle Age
20:03 Gold Mining
20:34 Padded Archer Armor
21:58 Wheelbarrow
22:30 Bodkin Arrow
22:50 Leather Archer Armor
22:50 Elite Skirmisher
23:59 Leather Archer Armor
25:15 Town Watch
26:47 Ballistics
31:34 Bow Saw
40:45 Imperial Age
39:51 Husbandry
Connection lost

Rejoining the realm…

Still unreachable

The connection could not be restored.

Session expired

The server has moved on; the page needs a fresh start.